 Dungeon Crawl Stone Soup version 0.21.1-1-g345015f (webtiles) character file.

607 lydgate the Cudgeler (level 7, -13/67 HPs)
             Began as a Troll Fighter on Feb 12, 2018.
             Mangled by Pikel
             ... wielding a +1 whip of electrocution
              (15 damage)
             ... on level 4 of the Dungeon.
             The game lasted 00:13:39 (2546 turns).

lydgate the Cudgeler (Troll Fighter)                Turns: 2546, Time: 00:13:40

Health: -13/67     AC:  7    Str: 35    XL:     7   Next: 19%
Magic:  6/6        EV:  9    Int:  4    God:
Gold:   109        SH: 10    Dex: 14    Spells: 6/6 levels left

rFire    . . .     SeeInvis .   l - +7 morningstar (pain)
rCold    . . .     Gourm    +   c - +0 shield
rNeg     + . .     Faith    .   s - +2 robe {rN+}
rPois    .         Spirit   .   (helmet restricted)
rElec    .         Reflect  .   (no cloak)
rCorr    .         Harm     .   (gloves unavailable)
MR       .....                  (boots unavailable)
Stlth    +.........             (no amulet)
HPRegen  0.61/turn              h - +3 ring of dexterity
MPRegen  0.10/turn              n - +5 ring of strength

@: mighty, lethally poisoned (-13 -> -15)
A: large, unfitting armour, claws 3, fast metabolism 3, gourmand, regeneration
1, shaggy fur 1, tough skin 2
a: no special abilities


You were on level 4 of the Dungeon.
You were very full.

You visited 1 branch of the dungeon, and saw 4 of its levels.

You collected 109 gold pieces.

Inventory:

Hand Weapons
 l - a +7 morningstar of pain (weapon)
 m - a +2 whip of venom
Missiles
 i - 87 stones (quivered)
Armour
 c - a +0 shield (worn)
 s - a +2 robe of positive energy (worn)
 u - a +1 robe of cold resistance
Jewellery
 h - a +3 ring of dexterity (left claw)
 k - an uncursed ring of protection from magic
 n - a +5 ring of strength (right claw)
Wands
 o - a wand of paralysis (9)
Scrolls
 b - a scroll of noise {unknown}
 p - a scroll of blinking {unknown}
 r - 2 scrolls of immolation {unknown}
 t - a scroll of amnesia {unknown}
Potions
 a - a potion of flight {unknown}
 e - 3 potions of berserk rage {unknown}
 g - 2 potions of haste {unknown}
 j - a potion of mutation {unknown}
 q - a potion of ambrosia {unknown}
Comestibles
 f - 5 rations


   Skills:
 + Level 3.4 Fighting
 + Level 5.2 Maces & Flails
 + Level 1.7 Throwing
 + Level 3.4 Dodging
 + Level 3.3 Shields


You had 6 spell levels left.
You didn't know any spells.

Dungeon Overview and Level Annotations

Branches:
Dungeon (4/15)
 Temple: D:4-7

Altars:
Dithmenos
Trog
Uskayaw

Annotations:
D:4 Pikel


Innate Abilities, Weirdness & Mutations

You are too large for most types of armour.
You have claws for hands.
Your metabolism is lightning-fast.
You like to eat raw meat.
Your natural rate of healing is unusually fast.
You are covered in fur. (AC +1)
You have very tough skin. (AC +2)


Message History

The worker ant bites you but does no damage.
Pikel drinks a potion.
Pikel is healed!
You closely miss Pikel.
You feel sick. The worker ant bites you. The slave hits you but does no damage.
You block the orc's attack. The worker ant bites you.
You are more poisoned.
The worker ant poisons you! You block Pikel's attack. The slave hits you.
The orc hits you but does no damage.
You feel very mighty all of a sudden.
You feel sick.
The worker ant bites you but does no damage.
Pikel hits you with a whip of electrocution.
* * * LOW HITPOINT WARNING * * *
The slave closely misses you. The orc barely misses you.
You closely miss Pikel.
You feel sick. The worker ant bites you.
* * * LOW HITPOINT WARNING * * *
Pikel hits you with a whip of electrocution!
* * * LOW HITPOINT WARNING * * *
You are electrocuted!
You die...

## ..# #.# # ..###.###.#
..$..po.#.# .....pa@p.#
.####.#K### #+##
#.###..#p# #...##
#........# .....##
#####.#### ......##
##..#
.......####...#########.
.......+................
.......###.......######.


You could see Pikel, 4 slaves, a worker ant and an orc.

Vanquished Creatures
  Sigmund (D:4)
  5 wights (D:3)
  An orc priest (D:3)
  Terence (D:2)
  A worker ant (D:2)
  5 adders
  6 oozes
  A worm (D:2)
  6 dart slugs
  3 leopard geckos
  5 orcs (D:3)
  6 bats
  4 giant cockroaches
  6 goblins
  8 hobgoblins
  7 jackals
  7 kobolds
  A quokka (D:2)
  3 frilled lizards
  12 rats
89 creatures vanquished.

Notes
Turn   | Place    | Note
-------+----------+-------------------------------------------
     0 | D:1      | lydgate the Troll Fighter began the quest for the Orb.
     0 | D:1      | Reached XP level 1. HP: 22/22 MP: 0/0
    18 | D:1      | Reached XP level 2. HP: 29/29 MP: 1/1
   105 | D:1      | Reached skill level 2 in Maces & Flails
   257 | D:1      | Reached XP level 3. HP: 35/36 MP: 2/2
   888 | D:2      | Found a shadowy altar of Dithmenos.
  1000 | D:2      | Noticed Terence
  1005 | D:2      | Killed Terence
  1005 | D:2      | Reached XP level 4. HP: 27/44 MP: 3/3
  1058 | D:2      | Reached skill level 3 in Maces & Flails
  1495 | D:2      | Reached XP level 5. HP: 53/53 MP: 4/4
  1831 | D:3      | Reached skill level 4 in Maces & Flails
  1886 | D:3      | Reached XP level 6. HP: 61/61 MP: 5/5
  1996 | D:3      | Reached skill level 1 in Throwing
  2124 | D:3      | Found a hide-covered altar of Uskayaw.
  2497 | D:4      | Found a bloodstained altar of Trog.
  2508 | D:4      | Noticed Sigmund
  2518 | D:4      | Killed Sigmund
  2518 | D:4      | Reached skill level 5 in Maces & Flails
  2518 | D:4      | Reached XP level 7. HP: 57/67 MP: 6/6
  2532 | D:4      | Noticed Pikel
  2546 | D:4      | HP: 2/67 [Pikel/whip of electrocution (12)]
  2546 | D:4      | Mangled by Pikel

Skill      XL: |  1  2  3  4  5  6 |
---------------+-------------------+-----
Maces & Flails | 2 3 4 5 |  5.2
Dodging        | 3 |  3.4
Shields        | 3 |  3.3
Fighting       | 3 |  3.4
Throwing       | 1 |  1.7

Action                   |  1- 3 |  4- 6 |  7- 9 || total
-------------------------+-------+-------+-------++-------
Melee: Flail             |   101 |     1 |       ||   102
       Morningstar       |       |   110 |     8 ||   118
Throw: Stone             |       |    59 |       ||    59
  Use: Scroll            |       |     3 |       ||     3
       Potion            |       |       |     1 ||     1
 Stab: Sleeping          |     4 |     1 |       ||     5
  Eat: Chunk             |    15 |    14 |       ||    29
Armor: Robe              |    39 |    31 |    12 ||    82
Dodge: Dodged            |    37 |    41 |    10 ||    88
Block: Shield            |    32 |    42 |     8 ||    82
